 Dungeon Crawl Stone Soup version 0.29-a0-23-ga79f92ac9c (webtiles) character file.

Game seed: 13530156286553128051

5516 Ajdolov the Frost Mage (level 10, -10/100 HPs)
             Began as an Ogre Ice Elementalist on Jan 30, 2022.
             Was a Believer of Vehumet.
             Killed by divine providence
             ... invoked by a meliai
              (16 damage)
             ... on level 8 of the Dungeon.
             The game lasted 00:35:07 (10531 turns).

Ajdolov the Frost Mage (Ogre Ice Elementalist)     Turns: 10531, Time: 00:35:07

Health: -10/100    AC:  5    Str: 14    XL:     10   Next: 70%
Magic:  2/21       EV:  9    Int: 20    God:    Vehumet [**....]
Gold:   281        SH:  0    Dex:  9    Spells: 9/23 levels left

rFire   . . .      SeeInvis .   k - staff of cold
rCold   + . .      Faith    .   (no shield)
rNeg    . . .      Spirit   .   r - +0 robe {Will+}
rPois   +          Reflect  .   (helmet restricted)
rElec   .          Harm     .   m - +1 cloak {rPois}
rCorr   .          Rampage  .   (gloves unavailable)
Will    ++...                   (boots unavailable)
Stlth   +.........              (no amulet)
HPRegen 0.26/turn               h - ring of flight
MPRegen 0.17/turn               (no ring)

@: flying, studying Unarmed Combat
A: large, unfitting armour, tough skin 1
a: Renounce Religion


You were on level 8 of the Dungeon.
You worshipped Vehumet.
Vehumet was pleased with you.
You visited 2 branches of the dungeon, and saw 9 of its levels.

You collected 281 gold pieces.

Inventory:

Hand Weapons
 f - a +0 dagger
Armour
 a - a +0 robe
 m - a +1 cloak of poison resistance (worn)
 r - a +0 robe of willpower (worn)
Magical Staves
 k - a staff of cold (weapon)
Jewellery
 h - a ring of flight (left hand)
 w - an amulet of regeneration
Wands
 t - a wand of charming (8)
 u - a wand of acid (11)
 v - a wand of iceblast (12)
 A - a wand of paralysis (14)
 B - a wand of polymorph (7)
Scrolls
 b - 6 scrolls of identify {unknown}
 c - a scroll of amnesia {unknown}
 d - 3 scrolls of teleportation {unknown}
 e - a scroll of enchant weapon {unknown}
 j - 2 scrolls of noise {unknown}
 l - a scroll of enchant armour {unknown}
 n - a scroll of blinking {unknown}
 q - a scroll of silence {unknown}
 y - a scroll of vulnerability {unknown}
Potions
 g - 6 potions of heal wounds {unknown}
 i - 3 potions of curing
 o - a potion of degeneration {unknown}
 p - a potion of attraction {unknown}
 s - a potion of might {unknown}
 x - a potion of ambrosia {unknown}
 z - a potion of brilliance


   Skills:
 - Level 6.3 Fighting
 + Level 5.3 Staves
 - Level 1.7 Dodging
 - Level 1.4 Stealth
 * Level 7.4 Spellcasting
 * Level 7.5 Conjurations
 - Level 8.0 Ice Magic
 * Level 3.7 Earth Magic


You had 9 spell levels left.
You knew the following spells:

 Your Spells              Type           Power      Damage    Failure   Level
a - Freeze                Ice            100%       1d11      1%          1
b - Frozen Ramparts       Ice            100%       1d12      1%          3
c - Ozocubu's Armour      Ice            56%        N/A       1%          3
d - Hailstorm             Conj/Ice       55%        3d12      3%          4
e - Stone Arrow           Conj/Erth      60%        3d10      2%          3

Your spell library contained the following spells:

 Spells                   Type           Power      Damage    Failure   Level
 Foxfire                  Conj/Fire      88%        2x1d8     1%          1
 Sandblast                Erth           44%        2d11      1%          1
 Passwall                 Tmut/Erth      11%        N/A       6%          2
 Animate Skeleton         Necr           14%        N/A       9%          1
 Pain                     Necr           28%        1d5       9%          1
 Gell's Gravitas          Tloc           7%         N/A       26%         3
 Portal Projectile        Hex/Tloc       14%        N/A       26%         3
 Teleport Other           Tloc           7%         N/A       26%         3
 Vampiric Draining        Necr           7%         2d6       26%         3
 Blade Hands              Tmut           3%         N/A       94%         5
 Excruciating Wounds      Necr           3%         N/A       94%         5
 Dispersal                Tloc           3%         N/A       100%        6


Dungeon Overview and Level Annotations

Branches:
Dungeon (8/15)             Temple (1/1) D:5
   Lair: D:8-11

Altars:
Ashenzari
Cheibriados
Dithmenos
Elyvilon
Fedhas
Gozag
Hepliaklqana
Kikubaaqudgha
Makhleb
Nemelex Xobeh
Okawaru
Ru
Sif Muna
Trog
Uskayaw
Vehumet
Wu Jian
Xom
Yredelemnul
Zin
The Shining One

Shops:
D:1 ?   D:4 :


Innate Abilities, Weirdness & Mutations

You are too large for most types of armour.
You have tough skin. (AC +1)


Message History

Things that are here:
a +0 spear; a +0 scale mail; a gnoll corpse You hit the orc wizard.
The orc wizard is lightly wounded.
The orc wizard hits you with a +0 dagger.
The meliai mumbles some strange prayers to its god against you.
Something smites you!
Press: ? - help, v - describe, . - travel
Here: a meliai, wielding a +0 hand axe and wearing a +0 robe The floor.
Aiming: Charm
Press: ? - help, Shift-Dir - straight line, f - meliai
Aim: a meliai, wielding a +0 hand axe and wearing a +0 robe (chance to affect: 49%)
The meliai resists with some effort.
The meliai hits you with a +0 hand axe! The meliai stings you.
You are poisoned.
The meliai poisons you!
The orc wizard hits you with a +0 dagger.
The meliai hits you with a +0 hand axe! The meliai barely misses you.
Aiming: Charm
Press: ? - help, Shift-Dir - straight line, f/p - meliai
Aim: a meliai, wielding a +0 hand axe and wearing a +0 robe (chance to affect: 49%)
The meliai resists with some effort.
You feel very sick. The meliai misses you. The meliai barely misses you.
The orc wizard hits you but does no damage.
The meliai hits you with a +0 hand axe!
* * * LOW HITPOINT WARNING * * *
The meliai stings you but does no damage.
You feel better. The meliai hits you with a +0 hand axe!
* * * LOW HITPOINT WARNING * * *
The meliai stings you!
* * * LOW HITPOINT WARNING * * *
The orc wizard hits you but does no damage.
The meliai misses you. The meliai stings you!
* * * LOW HITPOINT WARNING * * *
Okay, then.
The meliai invokes the aid of its god against you.
Something smites you!
You die...

............### ..............###
................###
...................
............###....
............#.## #
....)......##...###
...........#......###
.......)..## #.@.y[###
.....###..# ###.o)..# .....#.#'##
##(###..##.........# ....##...#..
+?$)#...#..........#
..###...##..###$##..###........##
..#.#'#.#.....###...# #.........#
.##...#####.....#..## #.........#
.#......#.###......# ##...>......
##..#..##...###.).####...........


You could see a meliai and an orc wizard.

Vanquished Creatures
  2 two-headed ogres
  A komodo dragon (D:8)
  2 hornets
  Eustachio (D:4)
  A steam dragon (D:8)
  An acid dragon (D:8)
  2 water moccasins (D:6)
  An ice beast (D:7)
  A hornet zombie (D:8)
  A black bear (D:6)
  A sky beast (D:5)
  A necrophage (D:6)
  2 ogres (D:5)
  2 phantoms
  6 centaurs
  2 kobold brigands
  3 gnoll sergeants
  A bullfrog (D:8)
  2 scorpions
  A water moccasin skeleton (D:5)
  A killer bee (D:8)
  A wight (D:8)
  2 howler monkeys (D:8)
  2 centaur zombies (D:8)
  6 hounds
  5 orc priests
  A centaur skeleton (D:5)
  2 jellies
  Crazy Yiuf (D:4)
  Natasha (thrice) (D:2)
  3 iguanas (D:5)
  8 orc wizards
  Terence (D:2)
  2 killer bee zombies (D:8)
  9 gnolls
  2 adders
  A howler monkey skeleton (D:5)
  A shadow imp (D:5)
  3 white imps
  2 ufetubi (D:6)
  2 dart slugs
  24 orcs
  7 endoplasms
  5 giant cockroaches
  4 goblins
  11 hobgoblins
  4 jackals (D:3)
  A quokka (D:2)
  6 ball pythons
  A bat (D:3)
  4 frilled lizards
  14 kobolds
  4 rats
177 creatures vanquished.

Notes
Turn   | Place    | Note
-------+----------+-------------------------------------------
     0 | D:1      | Ajdolov the Ogre Ice Elementalist began the quest for the
                  | Orb.
     0 | D:1      | Reached XP level 1. HP: 16/16 MP: 3/3
   150 | D:1      | Found Reefagea's Magic Scroll Emporium.
   633 | D:1      | Reached XP level 2. HP: 23/24 MP: 0/5
   707 | D:1      | Reached skill level 4 in Ice Magic
  1150 | D:1      | Found a faded altar of an unknown god.
  1410 | D:2      | Identified the +5 ring mail "Etiekhev" {Str+3}
  1545 | D:2      | Noticed Terence
  1583 | D:2      | Killed Terence
  1584 | D:2      | Reached XP level 3. HP: 29/31 MP: 1/7
  2119 | D:2      | Noticed Natasha
  2125 | D:2      | Killed Natasha
  2126 | D:2      | Reached XP level 4. HP: 30/39 MP: 5/9
  2532 | D:2      | Noticed Natasha
  2538 | D:2      | Killed Natasha
  2539 | D:2      | Reached skill level 5 in Ice Magic
  2582 | D:2      | Noticed Natasha
  2614 | D:2      | Killed Natasha
  2615 | D:2      | Reached XP level 5. HP: 23/45 MP: 5/10
  3016 | D:2      | Learned a level 3 spell: Frozen Ramparts
  3020 | D:2      | Learned a level 3 spell: Ozocubu's Armour
  3025 | D:2      | Learned a level 4 spell: Hailstorm
  3397 | D:3      | Reached skill level 1 in Conjurations
  3980 | D:4      | Found Zoapnidd's Book Emporium.
  4392 | D:4      | Identified the +8 mace of the Inferno {chaos, Int+2}
  4396 | D:4      | Found a runed translucent door.
  4397 | D:4      | Noticed Crazy Yiuf
  4404 | D:4      | Killed Crazy Yiuf
  4405 | D:4      | Reached XP level 6. HP: 17/53 MP: 3/12
  4947 | D:4      | Noticed Eustachio
  4959 | D:4      | Killed Eustachio
  4960 | D:4      | Reached skill level 1 in Fighting
  5169 | D:5      | Entered Level 5 of the Dungeon
  5185 | D:5      | Reached skill level 1 in Staves
  5189 | D:5      | Reached XP level 7. HP: 55/62 MP: 5/13
  5196 | D:5      | Noticed a two-headed ogre
  5255 | D:5      | Killed a two-headed ogre
  5256 | D:5      | Reached skill level 6 in Ice Magic
  5256 | D:5      | Reached XP level 8. HP: 24/75 MP: 3/14
  5722 | D:5      | Noticed a hornet
  5817 | D:5      | Reached skill level 7 in Ice Magic
  6172 | D:5      | Found a staircase to the Ecumenical Temple.
  6199 | Temple   | Entered the Ecumenical Temple
  6461 | Temple   | Became a worshipper of Vehumet
  6479 | D:5      | Reached skill level 5 in Conjurations
  6573 | D:5      | Killed a hornet
  6574 | D:5      | Reached XP level 9. HP: 52/87 MP: 7/15
  6756 | D:5      | Reached skill level 5 in Fighting
  7110 | D:6      | Found a glowing golden altar of the Shining One.
  7495 | D:6      | Reached skill level 5 in Spellcasting
  7674 | D:6      | Reached skill level 8 in Ice Magic
  8410 | D:7      | Reached * piety under Vehumet
  8410 | D:7      | Offered knowledge of Foxfire by Vehumet.
  8416 | D:7      | Learned a level 3 spell: Stone Arrow
  8789 | D:7      | Reached skill level 1 in Earth Magic
  9355 | D:8      | Reached XP level 10. HP: 71/98 MP: 14/19
 10284 | D:8      | Reached skill level 5 in Staves
 10510 | D:8      | Noticed a two-headed ogre
 10514 | D:8      | Killed a two-headed ogre
 10517 | D:8      | Reached ** piety under Vehumet
 10530 | D:8      | HP: 5/100 [meliai (10)]
 10531 | D:8      | Killed from afar by a meliai

Illustrated notes

Levels and vault maps discovered:
D:1:      dpeg_arrival_oval, layout_loops_ring,
          hellmonk_ecumenical_altar_crossroads, serial_shops, shop_fountains
D:2:      layout_basic, uniq_terence, uniq_natasha
D:3:      layout_rooms, minmay_ruptured
D:4:      layout_loops_corners, serial_shops, shop, grunt_decor_clamped,
          uniq_eustachio, uniq_crazy_yiuf_cottage
D:5:      layout_rooms, minmay_temple_entry_sparse_star, serial_rivers,
          chequers_serial_rivers_micro_c, chequers_serial_rivers_large_b,
          chequers_serial_rivers_micro_d, chequers_serial_rivers_micro_c,
          chequers_serial_rivers_small_3, chequers_serial_rivers_micro_a,
          minmay_manual_mess
D:6:      layout_loops_ring, tso_metal_star
D:7:      layout_basic
D:8:      minmay_slanted_spiral_squares, layout_layer_cave,
          nicolae_shop_sticking_my_neck_out
Temple:   grunt_wide_crystal_templ

Skill      XL: |  1  2  3  4  5  6  7  8  9 10 |
---------------+-------------------------------+-----
Ice Magic      | 4 5 6 7 8 |  8.0
Spellcasting   | 3 4 6 7 |  7.4
Conjurations   | 1 2 4 5 6 7 |  7.5
Fighting       | 1 3 4 6 |  6.3
Staves         | 1 2 3 4 5 |  5.3
Earth Magic    | 1 3 |  3.7
Dodging        | |  1.7
Stealth        | |  1.4

Action                   |  1- 3 |  4- 6 |  7- 9 | 10-12 || total
-------------------------+-------+-------+-------+-------++-------
Melee: Club              |     6 |       |       |       ||     6
       Dagger            |    44 |    63 |     6 |       ||   113
       Staff             |       |    41 |   145 |    59 ||   245
       Punch             |       |     2 |     1 |       ||     3
 Cast: Freeze            |    34 |    31 |    15 |     6 ||    86
       Frozen Ramparts   |       |    10 |    29 |     8 ||    47
       Ozocubu's Armour  |       |     5 |     6 |     6 ||    17
       Hailstorm         |       |       |    13 |     4 ||    17
       Stone Arrow       |       |       |     4 |    25 ||    29
Evoke: Wand              |       |       |       |     3 ||     3
  Use: Potion            |       |       |       |     1 ||     1
 Stab: Sleeping          |     1 |     1 |     1 |       ||     3
       Paralysed         |       |       |       |     6 ||     6
Armor: Robe              |    11 |    98 |    93 |    40 ||   242
Dodge: Dodged            |    24 |    84 |   103 |    54 ||   265

Table legend: (Time is in decaauts)
 A = Elapsed time spent in this place.
 B = Non-inter-level travel time spent in this place.
 C = Inter-level travel time spent in this place.
 D = Time resting spent in this place.
 E = Time spent auto-exploring this place.
 F = Levels seen in this place.
 G = Mean time per level.
                   A        B        C        D        E       F      G
               +--------+--------+--------+--------+--------+-----+--------+
         Total |  10540 |  10242 |    298 |   1614 |   7087 |   9 | 1171.1 |
       Dungeon |  10269 |   9979 |    290 |   1405 |   7070 |   8 | 1283.6 |
        Temple |    271 |    263 |      8 |    209 |     17 |   1 |  271.0 |
               +--------+--------+--------+--------+--------+-----+--------+

Top non-repeatable levels by time:
     D:2: 1655 daAuts
     D:5: 1582 daAuts
     D:1: 1370 daAuts
     D:4: 1346 daAuts
     D:6: 1274 daAuts
     D:8: 1203 daAuts
     D:7: 987 daAuts
     D:3: 847 daAuts
  Temple: 271 daAuts
